 Dungeon Crawl Stone Soup version 0.32-a0-612-g1c984fe9d1 (webtiles) character file.

Game seed: 18317887654144584855

1815618 jasper the Slayer (level 24, 149/149 HPs)
             Began as a Demonspawn Cinder Acolyte on Mar 4, 2024.
             Was the Champion of Jiyva.
             Escaped with the Orb
             ... and 3 runes
             ... and 1 gem on Mar 5, 2024!
             The game lasted 02:37:09 (61853 turns).

jasper the Slayer (Demonspawn Cinder Acolyte)      Turns: 61853, Time: 02:37:09

Health: 149/149    AC: 28    Str: 14    XL:     24   Next: 90%
Magic:  31/31      EV: 18    Int: 33    God:    Jiyva [******]
Gold:   2396       SH: 16    Dex: 12    Spells: 13/39 levels left

rFire   + + +        B - staff of conjuration
rCold   + + .        t - +3 kite shield {AC+3}
rNeg    + . .        H - quicksilver dragon scales "Jideijas" {rPois rN+ Will+}
rPois   +            (helmet unavailable)
rElec   +            d - +2 cloak "Ulemafim" {rElec rPois Dex+3}
rCorr   +            c - +2 pair of gloves {Stlth+}
SInv    +            j - +2 pair of boots
Will    +++++        Z - amulet of Vitality {Regen++ RegenMP++}
Stlth   +            o - ring of Uvod {rPois rF+ Int+6}
HPRegen 3.64/turn    C - ring "Pihio" {rPois Will++ AC+4 Dex-2 SInv}
MPRegen 1.82/turn

%: random rage (3%)
@: no status effects
A: horns 3, repulsion field 2, spiny 2, black mark, demonic magic 3, bedeviling,
berserk 1, clever 1, cold resistance 2, fire resistance 3, frail 3, low MP 1,
strong-willed 1, poison resistance, screaming 1, electricity resistance,
gelatinous body 1, pseudopods 3, tendrils
0: Orb of Zot
}: 3/15 runes: decaying, serpentine, slimy
a: Renounce Religion, Oozemancy, Slimify


You escaped.
You worshipped Jiyva.
Jiyva was exalted by your worship.
You visited 10 branches of the dungeon, and saw 51 of its levels.
You also visited: Bailey and Wizlab.

You collected 5401 gold pieces.
You spent 3005 gold pieces at shops.

Inventory:

Hand Weapons
 D - a +3 demon trident of electrocution
Missiles
 K - 2 throwing nets
Armour
 c - a +2 pair of gloves of stealth (worn)
 d - the +2 cloak "Ulemafim" (worn) {rElec rPois Dex+3}
   (You found it on level 4 of the Vaults)

   Dex+3:     It affects your dexterity (+3).
   rElec:     It insulates you from electricity.
   rPois:     It protects you from poison.
 j - a +2 pair of boots (worn)
 t - a +3 kite shield of protection (worn)
 H - the quicksilver dragon scales "Jideijas" (worn) {rPois rN+ Will+}
   (You took it off a spriggan in a bailey)

   rPois:     It protects you from poison.
   rN+:       It protects you from negative energy.
   Will+:     It increases your willpower.
Magical Staves
 B - a staff of conjuration (weapon)
Jewellery
 e - a ring of protection from cold
 f - an amulet of regeneration
 o - the ring of Uvod (left hand) {rPois rF+ Int+6}
   (You bought it in a shop on level 2 of the Orcish Mines)

   [ring of intelligence]

   Int+6:     It affects your intelligence (+6).
   rF+:       It protects you from fire.
   rPois:     It protects you from poison.
 A - a ring of wizardry
 C - the ring "Pihio" (right hand) {rPois Will++ AC+4 Dex-2 SInv}
   (You found it on level 7 of the Dungeon)

   [ring of protection]

   AC+4:      It affects your AC (+4).
   Dex-2:     It affects your dexterity (-2).
   rPois:     It protects you from poison.
   Will++:    It greatly increases your willpower.
   SInv:      It lets you see invisible.
 M - the amulet "Ihothusa" {Faith Will+ Int+4 Dex+3 Stlth-}
   (You took it off a deep elf elementalist on level 3 of the Elven Halls)

   [amulet of faith]

   Faith:     It allows you to gain divine favour quickly.
   Int+4:     It affects your intelligence (+4).
   Dex+3:     It affects your dexterity (+3).
   Will+:     It increases your willpower.
   Stlth-:    It makes you less stealthy.
 O - a +6 ring of dexterity
 Z - the amulet of Vitality (around neck) {Regen++ RegenMP++}
   (You found it on level 5 of the Pits of Slime)

   [amulet of nothing]

   Regen++:   It increases your rate of health regeneration.
   RegenMP++: It increases your rate of magic regeneration.
Wands
 q - a wand of acid (31)
 J - a wand of roots (24)
 P - a wand of flame (55)
 R - a wand of polymorph (12)
 U - a wand of charming (23)
 V - a wand of mindburst (6)
Scrolls
 h - 19 scrolls of teleportation
 i - a scroll of enchant weapon
 m - 7 scrolls of fog
 r - 3 scrolls of blinking
 u - 4 scrolls of torment
 F - 2 scrolls of silence
 G - 7 scrolls of vulnerability
 I - 3 scrolls of summoning
 L - 7 scrolls of fear
 N - 5 scrolls of immolation
 Q - 3 scrolls of poison
 S - 11 scrolls of identify
 W - a scroll of brand weapon
 Y - a scroll of amnesia
Potions
 b - 2 potions of resistance
 g - 6 potions of enlightenment
 k - 3 potions of curing
 l - 6 potions of brilliance
 n - 3 potions of magic
 p - a potion of ambrosia
 s - 5 potions of might
 v - 17 potions of haste
 w - 2 potions of mutation
 x - 3 potions of invisibility
 z - 7 potions of lignification
 E - 7 potions of attraction
 T - 2 potions of berserk rage
 X - 2 potions of heal wounds
Miscellaneous
 a - a sack of spiders
 y - a phantom mirror


   Skills:
 * Level 23.3 Fighting
 - Level 2.6(8.0) Polearms
 - Level 11.8(12.0) Staves
 - Level 12.0 Armour
 - Level 11.0 Dodging
 - Level 15.0 Shields
 - Level 8.2 Spellcasting
 - Level 21.0 Conjurations
 - Level 10.0 Necromancy
 - Level 2.6 Fire Magic
 - Level 6.0 Ice Magic
 - Level 6.0 Air Magic
 - Level 16.1 Earth Magic


You had 13 spell levels left.
You knew the following spells:

 Your Spells              Type           Power      Damage    Failure   Level
a - Bombard               Conj/Erth      58%        9d10      1%          6
b - Sandblast             Erth           100%       2d20      0%          1
c - Stone Arrow           Conj/Erth      100%       3d13      0%          3
d - Passwall              Erth           88%        N/A       1%          3
e - Mephitic Cloud        Conj/Alch/Air  83%        N/A       1%          3
f - Freezing Cloud        Conj/Ice/Air   46%        6-21      3%          5
g - Borgnjor's Vile Clut  Necr/Erth      39%        N/A       1%          5

Your spell library contained the following spells:

 Spells                   Type           Power      Damage    Failure   Level
 Magic Dart               Conj           100%       1d8       0%          1
 Searing Ray              Conj           100%       2d8       0%          2
 Necrotise                Necr           100%       1d9       1%          1
 Sting                    Conj/Alch      100%       1d9       1%          1
 Cigotuvi's Dreadful Rot  Necr/Alch/Air  96%        N/A       1%          2
 Momentum Strike          Conj/Tloc      100%       3d10      1%          2
 Static Discharge         Conj/Air       100%       3-8/arc   1%          2
 Dazzling Flash           Conj/Hex       100%       N/A       1%          3
 Fugue of the Fallen      Necr           68%        N/A       1%          3
 Vampiric Draining        Necr           68%        2d10      1%          3
 Brom's Barrelling Bould  Conj/Erth      100%       2d11      1%          4
 Flame Wave               Conj/Fire      95%        2d20      1%          4
 Fulminant Prism          Conj/Alch      45%        3d21      1%          4
 Lee's Rapid Deconstruct  Erth           44%        3d21*     1%          5
 Ozocubu's Armour         Ice            52%        N/A       2%          3
 Fireball                 Conj/Fire      47%        3d19      2%          5
 Leda's Liquefaction      Alch/Erth      30%        N/A       3%          4
 Mercury Vapours          Alch/Air       66%        N/A       4%          2
 Curse of Agony           Necr           68%        N/A       4%          5
 Scorch                   Fire           62%        2d7       5%          2
 Conjure Ball Lightning   Conj/Air       50%        3x3d17    6%          6
 Airstrike                Air            26%        2d(4-20)  9%          4
 Summon Ice Beast         Ice/Summ       33%        N/A       10%         3
 Apportation              Tloc           26%        N/A       11%         1
 Anguish                  Hex/Necr       31%        N/A       14%         4
 Martyr's Knell           Necr/Summ      46%        N/A       14%         4
 Blink                    Tloc           26%        N/A       16%         2
 Jinxbite                 Hex            40%        N/A       16%         2
 Lesser Beckoning         Tloc           26%        N/A       16%         2
 Inner Flame              Hex/Fire       33%        N/A       19%         3
 Summon Lightning Spire   Summ/Air       33%        N/A       30%         4
 Call Canine Familiar     Summ           13%        N/A       32%         3
 Confusing Touch          Hex            20%        N/A       32%         3
 Sigil of Binding         Hex            20%        N/A       32%         3
 Tukima's Dance           Hex            20%        N/A       32%         3
 Ignite Poison            Fire/Alch      22%        N/A       52%         4
 Sticky Flame             Fire/Alch      22%        2d6       52%         4
 Silence                  Hex/Air        24%        N/A       65%         5
 Cause Fear               Hex            10%        N/A       71%         4
 Dimensional Bullseye     Hex/Tloc       10%        N/A       71%         4
 Manifold Assault         Tloc           13%        N/A       71%         4
 Olgreb's Toxic Radiance  Alch           13%        N/A       71%         4
 Passage of Golubria      Tloc           13%        N/A       71%         4
 Plasma Beam              Fire/Air       21%        2x1d33    95%         6
 Alistair's Intoxication  Alch           8%         N/A       96%         5
 Summon Forest            Summ/Tloc      6%         N/A       96%         5
 Summon Mana Viper        Hex/Summ       20%        N/A       96%         5
 Yara's Violent Unravell  Hex/Alch       10%        3d6       96%         5
 Sculpt Simulacrum        Ice/Alch       16%        N/A       99%         6
 Dispersal                Tloc           6%         N/A       100%        6
 Eringya's Noxious Bog    Alch           6%         4d6       100%        6
 Summon Cactus Giant      Summ           6%         N/A       100%        6
 Enfeeble                 Hex            10%        N/A       100%        7
 Monstrous Menagerie      Summ           6%         N/A       100%        7
 Ozocubu's Refrigeration  Ice            26%        4d13      100%        7
 Summon Hydra             Summ           6%         N/A       100%        7
 Discord                  Hex            10%        N/A       100%        8
 Ignition                 Fire           15%        3d6       100%        8
 Polar Vortex             Ice            26%        12d3*     100%        9


Dungeon Overview and Level Annotations

Branches:
Dungeon (15/15)              Lair (5/5) D:10          Swamp (4/4) Lair:3
  Snake (4/4) Lair:2        Slime (5/5) Lair:5          Orc (2/2) D:10
    Elf (3/3) Orc:2        Vaults (4/5) D:13          Crypt (0/3) Vaults:2
 Depths (4/4) D:15            Zot (5/5) Depths:4     Bailey (visited)
 WizLab (visited)
 Temple: D:4-7

Altars:
Ashenzari
Cheibriados
Fedhas
Hepliaklqana
Kikubaaqudgha
Okawaru
Qazlal
Sif Muna
Trog
Uskayaw
Xom
Jiyva

Shops:
D:1 *   Orc:2 =!((   Elf:3 =*?:   Snake:2 ??   Snake:3 (   Snake:4 [(

Portals:
Hell: Depths:1 Depths:3 Depths:4
Abyss: Depths:3
Pandemonium: Depths:1 Depths:4
Ziggurat: Depths:4

Annotations:
D:4 Dowan
Lair:4 1 runed translucent door, GNSpeed's ghost, journeyman MDFi
Slime:5 Dissolution
Elf:2 3 runed translucent doors
Zot:2 1 transporter
Zot:3 2 transporters, Qunuun's ghost, legendary DsFi


Innate Abilities, Weirdness & Mutations

You have a pair of large horns on your head.
You are surrounded by a moderate repulsion field. (EV +3)
You are mostly covered in sharp spines.
Your melee attacks may debilitate your foes.
Spells you cast and wands you use may paralyse nearby enemies.
Your hexes are more powerful.
You sometimes lose your temper in combat.
Your mind is acute. (Int +4, Str/Dex -1)
Your flesh is very cold resistant. (rC++)
Your flesh is almost immune to the effects of heat. (rF+++)
You are extremely frail. (-30% HP)
Your magical capacity is low. (-10% MP)
You are strong-willed. (Will+)
Your system is resistant to poisons. (rPois)
You occasionally shout uncontrollably at your foes.
You are resistant to electric shocks. (rElec)
Your rubbery body absorbs attacks. (AC +1, EV +1)
Armour fits poorly on your massive pseudopods.
You are covered in slimy tendrils that may disarm your opponents.


Message History

You are engulfed in seething chaos.
You feel very mighty all of a sudden.
There is a stone staircase leading up here.
You are engulfed in seething chaos.
You are confused.
You climb upwards.
There is a stone staircase leading down here.
You feel better.
What level of the Dungeon? (default 1, ? - help)
You hear a series of splatters.
You hear a distant slurping noise.
You hear a distant slurping noise.
You hear a distant slurping noise.
You hear a distant slurping noise.
There is a stone staircase leading up here.
You hear a distant slurping noise.
You climb upwards.
Level annotation: Dowan
There is a stone staircase leading down here.
You hear a distant slurping noise.
You hear a distant slurping noise.
There is a stone staircase leading up here.
You climb upwards.
There is a stone staircase leading down here.
What level of the Dungeon? (default 1, ? - help)
There is a stone staircase leading up here.
There is a stone staircase leading up here.
You climb upwards.
There is a stone staircase leading down here.
There is a stone staircase leading up here.
You climb upwards.
You feel a little less mighty now.
There is a stone staircase leading down here.
There is an escape hatch in the floor here.
You hear a distant slurping noise.
Things that are here:
a +0 short sword; a kobold skeleton You see here a quokka skeleton.
There is a staircase leading out of the dungeon here.
You have escaped!

#...####.######
#...#....#
#...#.####
#.#.#.# #.#.#.#
#...#.###
#...#...#
#...###.#
#.@.###.##
######...#
#...# #...#
#...# #...#
##.## #.# #.#


There were no monsters in sight!

Vanquished Creatures
  5 orbs of fire
  3 ancient liches (Zot:5)
  2 dread liches (Zot:5)
  Sojobo (Vaults:4)
  the Lernaean hydra (Swamp:4)
  4 Killer Klowns
  Margery (Vaults:3)
  Vashnia (Snake:4)
  2 curse toes
  10 golden dragons
  Norris (Elf:3)
  6 electric golems
  A hellephant (Vaults:3)
  14 tentacled monstrosities
  A lich (Depths:4)
  Rupert (D:14)
  A walking crystal tome (WizLab)
  A Hell Sentinel (D:9)
  2 Ice Fiends
  Zenata (Elf:2)
  28 Orb Guardians
  Asterion (Snake:3)
  2 walking divine tomes
  A walking earthen tome (WizLab)
  2 deep elf blademasters (Elf:3)
  6 quicksilver dragons
  2 ancient champions (Vaults:2)
  11 death cobs
  3 deep elf master archers (Elf:3)
  A thorn hunter (Swamp:4)
  4 sphinxes
  4 shadow dragons
  Kirke (Lair:5)
  5 tengu reavers
  A strange machine (WizLab)
  Agnes (Snake:3)
  2 protean progenitors
  2 fire giants
  3 daevas (Depths:3)
  11 storm dragons
  7 nagarajas (Snake:4)
  4 draconian monks
  11 vault wardens
  4 draconian knights
  6 draconian scorchers
  4 draconian shifters
  8 deep elf sorcerers
  4 frost giants
  2 ghost moths
  7 deep elf elementalists (Elf:3)
  A curse skull (Vaults:2)
  A balrug (D:7)
  24 ironbound preservers
  4 draconian annihilators
  3 orc warlords
  4 angels (Depths:3)
  3 draconian stormcallers
  8 stone giants
  5 deep elf demonologists
  17 very ugly things
  3 eleionomae
  4 ironbound thunderhulks
  2 vampire knights
  8 green draconians
  2 deep elf death magi
  12 dire elephants
  13 white draconians
  2 lorocyprocas
  4 bunyips
  16 black draconians
  Azrael (Orc:2)
  7 red draconians
  7 spark wasps
  6 deep elf annihilators
  9 yellow draconians
  A war gargoyle (Vaults:1)
  8 purple draconians
  8 fire dragons
  An entropy weaver (Vaults:4)
  Josephine (D:10)
  10 ettins
  2 quicksilver dragon zombies (D:15)
  A deep elf high priest (Elf:3)
  3 crystal guardians
  3 ice dragons
  11 yaktaur captains
  2 vault guards
  2 ogre magi (Orc:2)
  Fannar (D:10)
  12 rakshasas
  A great orb of eyes (Vaults:2)
  2 salamander tyrants (Snake:4)
  A servant of whispers (Vaults:3)
  Erolcha (Orc:1)
  3 peacekeepers
  12 hydras
  2 jorogumos (Zot:4)
  12 ironbound frosthearts
  5 spriggan air magi
  6 boulder beetles
  7 anacondas
  A catoblepas (Lair:3)
  5 alligators
  23 dancing weapons
  7 centaur warriors
  19 two-headed ogres
  12 death yaks
  2 tengu warriors
  8 deep troll earth magi
  8 deep troll shamans
  2 vampire magi
  2 orc high priests
  17 naga warriors
  6 shock serpents
  2 occultists
  4 spriggan berserkers
  Urug (D:10)
  12 naga sharpshooters
  Nergalle (D:10)
  14 deep elf knights
  A sixfirhy (Zot:1)
  2 sun demons (D:7)
  2 iron trolls
  8 hell knights
  2 skysharks (Elf:3)
  A spark wasp zombie (D:15)
  6 cherubim (Depths:3)
  4 skeletal warriors
  2 spriggan druids
  71 deep trolls
  8 goliath frogs
  3 salamander mystics
  7 arcanists
  7 mana vipers
  11 swamp dragons
  9 lindwurms
  11 deep elf archers
  2 flayed ghosts
  7 bog bodies
  17 deep elf pyromancers
  6 naga ritualists
  A shadow demon (Depths:1)
  11 orc knights
  2 thermic dynamos (Elf:3)
  17 ironbound convokers
  11 deep elf zephyrmancers
  7 necromancers
  A shadow dragon skeleton (Vaults:4)
  A lightning spire (Zot:4)
  4 harpies (Vaults:3)
  33 ugly things
  5 manticores
  13 cyclopes
  A will-o-the-wisp (Swamp:3)
  15 elephants
  9 guardian serpents
  25 moths of wrath
  10 salamanders
  15 naga magi
  A rust devil (Depths:4)
  17 vault sentinels
  22 black mambas
  A kobold blastminer (Orc:2)
  2 smoke demons
  A gargoyle (D:14)
  14 komodo dragons
  14 cane toads
  A kobold demonologist (D:13)
  A molten gargoyle (Depths:3)
  Jeremiah (D:6)
  Psyche (D:9)
  34 yaktaurs
  An efreet (D:15)
  An elf skeleton (Vaults:4)
  14 trolls
  2 polar bears (Lair:5)
  A bloated husk (Swamp:1)
  8 tengu conjurers
  4 hellwings
  A glass eye (Depths:2)
  A tengu simulacrum (Vaults:1)
  11 hornets
  A saltling (Vaults:3)
  An ettin zombie (Vaults:4)
  4 dream sheep (Lair:2)
  A human simulacrum (Vaults:1)
  11 tyrant leeches
  3 centaur simulacra (D:14)
  35 blink frogs
  A fire giant simulacrum (Vaults:4)
  A slime creature (D:9)
  2 air elementals
  14 spriggans
  A vampire (D:11)
  A ynoxinul (Depths:4)
  2 shadows
  4 wyverns
  6 wraiths
  22 fire elementals
  2 basilisks
  A water elemental (Elf:1)
  38 yaks
  A steam dragon (Bailey)
  8 hogs
  Grum (D:8)
  A warg (shapeshifter) (D:13)
  An unseen horror simulacrum (D:9)
  A human (D:10)
  4 redbacks
  14 vampire mosquitoes
  4 wargs
  A chaos spawn (D:6)
  11 swamp worms
  44 nagas
  14 water moccasins
  An acid dragon (shapeshifter) (Elf:2)
  5 hell hounds (Orc:2)
  28 orc warriors
  11 swamp drakes
  An ice beast (D:8)
  A sky beast (D:7)
  27 ogres
  3 black bears
  A laughing skull (D:9)
  23 wolves
  10 centaurs
  2 phantoms (D:5)
  2 kobold brigands
  21 bullfrogs
  2 scorpions
  A human skeleton (Vaults:4)
  2 earth elementals
  3 wights (D:7)
  A glowing shapeshifter simulacrum (Vaults:4)
  15 killer bees
  5 howler monkeys
  An electric eel (Lair:5)
  4 lava snakes (Lair:2)
  4 gnoll boudas
  11 orc priests
  3 hounds
  A bombardier beetle (D:3)
  47 jellies
  2 sleepcaps
  14 orc wizards
  6 iguanas
  17 gnolls
  13 adders
  2 shadow imps
  A white imp (D:7)
  2 dart slugs (D:1)
  A ribbon worm (D:3)
  69 orcs
  10 endoplasms
  5 giant cockroaches
  8 goblins
  7 hobgoblins
  6 jackals (D:1)
  4 quokkas
  11 ball pythons
  5 bats
  6 frilled lizards
  11 kobolds
  8 rats
  A butterfly (Lair:5)
1860 creatures vanquished.

Vanquished Creatures (collateral kills)
  A quicksilver dragon (Zot:1)
  A deep elf sorcerer (Elf:3)
  2 frost giants
  A boulder beetle (D:14)
  A bog body (Swamp:1)
  A deep elf archer (Elf:1)
  2 thermic dynamos (Elf:3)
  A deep elf zephyrmancer (Elf:1)
  2 ugly things (Depths:1)
  A yaktaur (Vaults:1)
  An ogre (Bailey)
  A jelly (D:5)
15 creatures vanquished.

Vanquished Creatures (others)
  A draconian shifter (Zot:4)
  A formless jellyfish (Vaults:2)
  3 great orbs of eyes
  A deep elf death mage (Elf:3)
  A glowing orange brain (Depths:3)
  A deep troll (Vaults:2)
  A swamp dragon (shapeshifter) (Vaults:4)
  An ironbound convoker (Vaults:3)
  A deep elf pyromancer (Elf:1)
  A necromancer (Vaults:1)
  An ugly thing (Vaults:2)
  A harpy (Vaults:2)
  A moth of wrath (Zot:4)
  A manticore (D:14)
  A naga mage (Snake:4)
  3 glass eyes
  A tengu conjurer (D:15)
  2 bloated husks
  A hornet (Depths:3)
  28 slime creatures
  2 spriggans (Depths:3)
  A hog (Lair:5)
  A naga (Snake:1)
  An ogre zombie (Vaults:1)
  An orc warrior (Orc:1)
  4 ogres
  2 centaurs (D:15)
  An ogre (shapeshifter) (D:15)
  4 bullfrogs (Lair:5)
  A human skeleton (Vaults:4)
  252 jellies
  2 foxfires (Swamp:3)
324 creatures vanquished.

Grand Total: 2199 creatures vanquished

Notes
Turn   | Place    | Note
-------+----------+-------------------------------------------
     0 | D:1      | jasper the Demonspawn Cinder Acolyte began the quest for
                  | the Orb.
     0 | D:1      | Reached XP level 1. HP: 18/18 MP: 2/2
    83 | D:1      | Gained mutation: You are surrounded by a mild repulsion
                  | field. (EV +2) [demonic ancestry]
    83 | D:1      | Reached XP level 2. HP: 9/24 MP: 3/3
   174 | D:1      | Learned a level 2 spell: Scorch
   236 | D:1      | Reached skill level 4 in Fighting
   405 | D:1      | Gained mutation: You have a pair of small horns on your
                  | head. [demonic ancestry]
   405 | D:1      | Reached XP level 3. HP: 30/30 MP: 1/4
  1008 | D:1      | Found Biucom Lit's General Store.
  1069 | D:1      | Bought a scroll of teleportation for 33 gold pieces
  1441 | D:2      | Reached skill level 5 in Fighting
  1441 | D:2      | Reached XP level 4. HP: 39/39 MP: 0/5
  2317 | D:3      | Reached XP level 5. HP: 41/46 MP: 1/6
  2409 | D:3      | Reached skill level 6 in Fighting
  2523 | D:3      | Identified the +2 ring mail of the Wheelwright {Fly Regen+}
  3473 | D:3      | Gained mutation: Spells you cast may paralyse adjacent
                  | enemies. [demonic ancestry]
  3473 | D:3      | Reached XP level 6. HP: 47/53 MP: 1/7
  3580 | D:4      | Noticed Dowan
  3887 | D:5      | Entered Level 5 of the Dungeon
  3887 | D:5      | Noticed a water moccasin
  3893 | D:5      | Killed a water moccasin
  3894 | D:5      | Reached skill level 7 in Fighting
  4071 | D:5      | Reached skill level 8 in Fighting
  4071 | D:5      | Reached XP level 7. HP: 62/62 MP: 1/8
  4291 | D:5      | Reached skill level 9 in Fighting
  4894 | D:5      | Reached XP level 8. HP: 72/72 MP: 0/9
  4979 | D:5      | Reached skill level 10 in Fighting
  5185 | D:6      | Reached skill level 1 in Dodging
  5380 | D:6      | Noticed Jeremiah
  5410 | D:6      | Killed Jeremiah
  5537 | D:6      | Reached skill level 5 in Dodging
  5775 | D:6      | Learned a level 1 spell: Sandblast
  5882 | D:6      | Learned a level 3 spell: Stone Arrow
  5886 | D:6      | Learned a level 3 spell: Passwall
  5927 | D:7      | Reached skill level 1 in Earth Magic
  6210 | D:7      | Noticed a komodo dragon
  6229 | D:7      | Killed a komodo dragon
  6230 | D:7      | Reached XP level 9. HP: 37/78 MP: 3/10
  6502 | D:7      | Identified the ring "Pihio" {rPois Will++ AC+4 Dex-2 SInv}
  6538 | D:7      | Found an ancient bone altar of Kikubaaqudgha.
  6540 | D:7      | Found a stormy altar of Qazlal.
  6542 | D:7      | Found a shimmering blue altar of Sif Muna.
  6547 | D:7      | Found a shimmering altar of Xom.
  6552 | D:7      | Found a broken altar of Ashenzari.
  6555 | D:7      | Found a hazy altar of Hepliaklqana.
  6594 | D:7      | Reached skill level 5 in Earth Magic
  7092 | D:7      | Reached skill level 1 in Conjurations
  7998 | D:8      | Noticed Grum
  8009 | D:8      | Killed Grum
  8017 | D:8      | Reached skill level 5 in Conjurations
  8901 | D:9      | Found a flagged portal.
  8931 | Bailey   | Entered a bailey
  8959 | Bailey   | Gained mutation: You are partially covered in sharp spines.
                  | [demonic ancestry]
  8959 | Bailey   | Reached XP level 10. HP: 71/85 MP: 6/11
  9101 | Bailey   | Identified the quicksilver dragon scales "Jideijas" {rPois
                  | rN+ Will+}
  9217 | Bailey   | Noticed a two-headed ogre
  9229 | Bailey   | Killed a two-headed ogre
  9631 | D:9      | Found a hide-covered altar of Uskayaw.
  9840 | D:9      | Learned a level 3 spell: Mephitic Cloud
  9919 | D:9      | Noticed Psyche
  9932 | D:9      | Killed Psyche
 10018 | D:9      | Learned a level 5 spell: Freezing Cloud
 10095 | D:9      | Noticed a centaur warrior
 10097 | D:9      | Noticed a deep elf pyromancer
 10116 | D:9      | Killed a centaur warrior
 10117 | D:9      | Reached skill level 1 in Ice Magic
 10117 | D:9      | Reached skill level 1 in Air Magic
 10137 | D:9      | Killed a deep elf pyromancer
 10138 | D:9      | Gained mutation: You are surrounded by a moderate repulsion
                  | field. (EV +3) [demonic ancestry]
 10138 | D:9      | Reached XP level 11. HP: 16/90 MP: 8/17
 10138 | D:9      | Noticed a skeletal warrior
 10403 | D:10     | Entered Level 10 of the Dungeon
 10427 | D:10     | Noticed a two-headed ogre
 10432 | D:10     | Killed a two-headed ogre
 10433 | D:10     | Noticed Fannar
 10464 | D:10     | Killed Fannar
 10568 | D:10     | Noticed Josephine
 10588 | D:10     | Killed Josephine
 10803 | D:10     | Noticed a two-headed ogre
 10810 | D:10     | Killed a two-headed ogre
 11039 | D:10     | Noticed Urug
 11053 | D:10     | Killed Urug
 11311 | D:10     | Identified the +2 glaive "Icolituw" {protect, rElec rCorr}
 11387 | D:10     | Found a staircase to the Lair.
 11494 | D:10     | Noticed Nergalle
 11523 | D:10     | Reached skill level 10 in Conjurations
 11562 | D:10     | Killed Nergalle
 11784 | D:10     | Found a snail-covered altar of Cheibriados.
 11966 | D:10     | Found a staircase to the Orcish Mines.
 12250 | D:10     | Identified the +1 ring mail of Vanity {Dex+3}
 12588 | D:11     | Noticed a two-headed ogre
 12593 | D:11     | Killed a two-headed ogre
 12594 | D:11     | Reached skill level 5 in Air Magic
 12594 | D:11     | Reached XP level 12. HP: 94/97 MP: 2/18
 12599 | D:11     | Noticed a boulder beetle
 12604 | D:11     | Reached skill level 5 in Ice Magic
 12604 | D:11     | Noticed a boulder beetle
 12854 | D:11     | Found a hide-covered altar of Uskayaw.
 12865 | D:11     | Noticed a two-headed ogre
 12874 | D:11     | Killed a boulder beetle
 12882 | D:11     | Killed a two-headed ogre
 13090 | D:11     | Noticed a boulder beetle
 13119 | D:11     | Killed a boulder beetle
 13230 | D:11     | Killed a boulder beetle
 13438 | Lair:1   | Entered Level 1 of the Lair of Beasts
 14579 | Lair:1   | Reached skill level 1 in Armour
 16105 | Lair:2   | Found a staircase to the Snake Pit.
 16261 | Lair:2   | Gained mutation: Your hexes are more powerful. [demonic
                  | ancestry]
 16261 | Lair:2   | Reached XP level 13. HP: 103/103 MP: 13/19
 17104 | Lair:3   | Identified the +7 war axe of Eternal Vigilance {heavy,
                  | rElec}
 17301 | Lair:3   | You fall into a shaft and drop 1 floor!
 17542 | Lair:3   | Found a staircase to the Swamp.
 17572 | Lair:3   | Reached skill level 5 in Armour
 18913 | Lair:4   | Found a runed translucent door.
 18913 | Lair:4   | Noticed GNSpeed's ghost (journeyman MDFi)
 19551 | Lair:5   | Entered Level 5 of the Lair of Beasts
 19790 | Lair:5   | Found a staircase to the Slime Pits.
 19790 | Lair:5   | Found a viscous altar of Jiyva.
 19808 | Lair:5   | Fell from the grace of Ignis
 19808 | Lair:5   | Became a worshipper of Jiyva Jonu the Shapeless
 20359 | Lair:5   | Reached skill level 15 in Conjurations
 20963 | Lair:5   | Reached skill level 5 in Spellcasting
 20976 | Lair:5   | Reached XP level 14. HP: 91/110 MP: 10/21
 22386 | Lair:5   | Reached skill level 1 in Staves
 22467 | Lair:5   | Was forgiven by Ignis
 23078 | Lair:5   | Reached * piety under Jiyva
 23407 | Lair:5   | Got the Commentary on Injury and the Bonfire
 23430 | Lair:5   | Got Simping's Thoughts on the Captivating Geodesic
 23467 | Lair:5   | Noticed Kirke
 23482 | Lair:5   | Noticed a sphinx
 23482 | Lair:5   | Killed Kirke
 23483 | Lair:5   | Reached skill level 5 in Staves
 23888 | Orc:1    | Entered Level 1 of the Orcish Mines
 23933 | Orc:1    | Noticed an orc warlord
 23944 | Orc:1    | Killed an orc warlord
 24180 | Orc:1    | Reached ** piety under Jiyva
 24230 | Orc:1    | Noticed Erolcha
 24236 | Orc:1    | Killed Erolcha
 24494 | Orc:2    | Entered Level 2 of the Orcish Mines
 24494 | Orc:2    | Found a staircase to the Elven Halls.
 24494 | Orc:2    | Found Foagoher's Weapon Shoppe.
 25007 | Orc:2    | Reached XP level 15. HP: 100/115 MP: 1/27
 25215 | Orc:2    | Found Gethry's Weapon Emporium.
 25235 | Orc:2    | Found Ralick's Distillery.
 25246 | Orc:2    | Found Urianlal's Jewellery Emporium.
 25249 | Orc:2    | Bought a potion of heal wounds for 50 gold pieces
 25249 | Orc:2    | Bought a potion of haste for 100 gold pieces
 25249 | Orc:2    | Bought a potion of haste for 100 gold pieces
 25254 | Orc:2    | Bought an amulet of magic regeneration for 450 gold pieces
 25345 | Orc:2    | Noticed Azrael
 25354 | Orc:2    | Killed Azrael
 25602 | D:12     | Reached skill level 10 in Staves
 25682 | D:12     | Reached *** piety under Jiyva
 26371 | D:13     | Gained mutation: Your translucent skin slightly reduces
                  | your foes' accuracy. (Stealth+) [Jiyva's grace]
 26371 | D:13     | Gained mutation: Your translucent skin reduces your foes'
                  | accuracy. (Stealth+) [Jiyva's grace]
 26371 | D:13     | Gained mutation: Your transparent skin significantly
                  | reduces your foes' accuracy. (Stealth+) [Jiyva's grace]
 26371 | D:13     | Gained mutation: You have a pair of horns on your head.
                  | [Jiyva's grace]
 26502 | D:13     | Reached **** piety under Jiyva
 26914 | D:13     | Found a gate to the Vaults.
 27360 | Orc:2    | Bought the ring of Uvod {rPois rF+ Int+6} for 813 gold
                  | pieces
 27635 | D:14     | Identified the +8 dire flail "Viles" {heavy, Dex+4}
 27644 | D:14     | Noticed Rupert
 28035 | D:9      | Reached skill level 1 in Shields
 28238 | D:9      | Found a bloodstained altar of Trog.
 28337 | D:9      | Reached ***** piety under Jiyva
 28687 | D:15     | Entered Level 15 of the Dungeon
 28762 | D:15     | Found a staircase to the Depths.
 28987 | D:15     | Reached skill level 5 in Shields
 29007 | D:15     | Lost mutation: Your transparent skin significantly reduces
                  | your foes' accuracy. (Stealth+) [Jiyva's grace]
 29007 | D:15     | Lost mutation: Your translucent skin reduces your foes'
                  | accuracy. (Stealth+) [Jiyva's grace]
 29007 | D:15     | Gained mutation: You possess an exceptional clarity of
                  | mind. [Jiyva's grace]
 29007 | D:15     | Gained mutation: You have sharp fingernails. [Jiyva's
                  | grace]
 29007 | D:15     | Gained mutation: You have very sharp fingernails. [Jiyva's
                  | grace]
 29007 | D:15     | Gained mutation: You have claws for hands. [Jiyva's grace]
 29152 | D:15     | Mutation became permanent: You have a pair of small horns
                  | on your head. [demonic ancestry]
 29152 | D:15     | Gained mutation: You have a pair of horns on your head.
                  | [demonic ancestry]
 29152 | D:15     | Reached XP level 16. HP: 98/124 MP: 21/28
 29765 | D:14     | Killed Rupert
 29766 | D:14     | Reached skill level 11 in Fighting
 30174 | Swamp:1  | Entered Level 1 of the Swamp
 31029 | Swamp:2  | Reached ****** piety under Jiyva
 31115 | Slime:1  | Entered Level 1 of the Pits of Slime
 31167 | Slime:2  | Noticed an acid blob
 31259 | Slime:5  | Entered Level 5 of the Pits of Slime
 31259 | Slime:5  | Noticed Dissolution
 31259 | Slime:5  | Found the +12 glaive of Prune {freeze, Prune}
 31259 | Slime:5  | Found the amulet of Vitality {Regen++ RegenMP++}
 31260 | Slime:5  | Found a viscous altar of Jiyva.
 31285 | Slime:5  | Got a starry gem with 432 turns to spare
 31288 | Slime:5  | Got a slimy rune of Zot
 31303 | Slime:5  | Noticed an acid blob
 31309 | Slime:5  | Got Sif Muna's Teachings on Hexing
 31316 | Slime:5  | Noticed an acid blob
 31319 | Slime:5  | Identified the +0 trident "Saplestaosm" {antimagic, rN++}
 31321 | Slime:5  | Got the Secrets of Exhalation
 31326 | Slime:5  | Found the +8 pair of quick blades "Gyre" and "Gimble"
                  | {protect}
 31351 | Slime:5  | Noticed an acid blob
 31406 | Slime:1  | Noticed an acid blob
 31525 | Swamp:2  | Gained mutation: You have large cloven feet. [Jiyva's
                  | grace]
 31525 | Swamp:2  | Gained mutation: You have hoof-like feet. [Jiyva's grace]
 31525 | Swamp:2  | Gained mutation: You have hooves in place of feet. [Jiyva's
                  | grace]
 31525 | Swamp:2  | Gained mutation: You have a small jelly attached to you
                  | that may absorb projectiles. [Jiyva's grace]
 32157 | Swamp:3  | Reached skill level 10 in Shields
 32416 | Swamp:4  | Entered Level 4 of the Swamp
 32613 | Swamp:4  | Noticed a thorn hunter
 32621 | Swamp:4  | Killed a thorn hunter
 33129 | Swamp:4  | Noticed the 27-headed Lernaean hydra
 33141 | Swamp:4  | Killed the 27-headed Lernaean hydra
 33348 | Swamp:4  | Reached XP level 17. HP: 131/131 MP: 27/29
 33355 | Swamp:4  | Got a decaying rune of Zot
 33527 | Snake:1  | Entered Level 1 of the Snake Pit
 33536 | Snake:1  | Identified the +3 whip of Karma {freeze, Dex+2 Stlth+}
 33737 | Snake:1  | Lost mutation: You have claws for hands. [Jiyva's grace]
 33737 | Snake:1  | Gained mutation: Your translucent skin reduces your foes'
                  | accuracy. (Stealth+) [Jiyva's grace]
 33737 | Snake:1  | Gained mutation: Your transparent skin significantly
                  | reduces your foes' accuracy. (Stealth+) [Jiyva's grace]
 33737 | Snake:1  | Gained mutation: Armour fits poorly on your pseudopods.
                  | [Jiyva's grace]
 33737 | Snake:1  | Gained mutation: Armour fits poorly on your large
                  | pseudopods. [Jiyva's grace]
 34639 | Snake:2  | Found Muqyowk's Magic Scroll Emporium.
 34645 | Snake:2  | Bought a scroll of enchant armour for 82 gold pieces
 34645 | Snake:2  | Bought a scroll of fog for 44 gold pieces
 34645 | Snake:2  | Bought a scroll of revelation for 82 gold pieces
 34645 | Snake:2  | Bought a scroll of revelation for 82 gold pieces
 34645 | Snake:2  | Bought a scroll of immolation for 44 gold pieces
 34645 | Snake:2  | Bought a scroll of fog for 44 gold pieces
 34645 | Snake:2  | Bought a scroll of teleportation for 33 gold pieces
 34645 | Snake:2  | Bought a scroll of teleportation for 33 gold pieces
 34694 | Snake:2  | Identified the +2 helmet of Tanompag {-Tele Harm rPois
                  | Str+2}
 35154 | Snake:2  | Found Fyesonk's Magic Scroll Shoppe.
 35160 | Snake:2  | Bought a scroll of blinking for 112 gold pieces
 35587 | Snake:3  | Noticed Asterion
 35624 | Snake:3  | Killed Asterion
 35728 | Snake:3  | Learned a level 6 spell: Bombard
 35774 | Snake:3  | Found Kulaf's Weapon Shoppe.
 36358 | Snake:3  | Lost mutation: You have very sharp fingernails. [Jiyva's
                  | grace]
 36358 | Snake:3  | Lost mutation: Armour fits poorly on your large pseudopods.
                  | [Jiyva's grace]
 36358 | Snake:3  | Gained mutation: Your rubbery body absorbs attacks. (AC +1,
                  | EV +1) [Jiyva's grace]
 36358 | Snake:3  | Gained mutation: Your pliable body absorbs attacks. (AC +2,
                  | EV +2) [Jiyva's grace]
 36358 | Snake:3  | Gained mutation: Your gelatinous body deflects attacks. (AC
                  | +3, EV +3) [Jiyva's grace]
 36358 | Snake:3  | Gained mutation: You are covered in slimy tendrils that may
                  | disarm your opponents. [Jiyva's grace]
 36783 | Snake:4  | Entered Level 4 of the Snake Pit
 36783 | Snake:4  | Noticed Agnes
 36790 | Snake:3  | Killed Agnes
 37007 | Snake:4  | Found Siosiat's Antique Weapon Shoppe.
 37036 | Snake:4  | Found Xaampaj's Armour Emporium.
 37190 | Snake:4  | Reached skill level 15 in Shields
 37623 | Snake:4  | Noticed Vashnia
 37636 | Snake:4  | Killed Vashnia
 37695 | Snake:4  | Gained mutation: You have a pair of large horns on your
                  | head. [demonic ancestry]
 37695 | Snake:4  | Reached XP level 18. HP: 138/138 MP: 24/30
 37957 | Snake:4  | Found an iron altar of Okawaru.
 37980 | Snake:4  | Got a serpentine rune of Zot
 38434 | Elf:1    | Entered Level 1 of the Elven Halls
 38620 | Elf:1    | Reached skill level 10 in Earth Magic
 39005 | Elf:1    | Lost mutation: You have hooves in place of feet. [Jiyva's
                  | grace]
 39005 | Elf:1    | Lost mutation: You have hoof-like feet. [Jiyva's grace]
 39005 | Elf:1    | Lost mutation: You have large cloven feet. [Jiyva's grace]
 39005 | Elf:1    | Lost mutation: Your gelatinous body deflects attacks. (AC
                  | +3, EV +3) [Jiyva's grace]
 39005 | Elf:1    | Lost mutation: Your pliable body absorbs attacks. (AC +2,
                  | EV +2) [Jiyva's grace]
 39005 | Elf:1    | Lost mutation: Armour fits poorly on your pseudopods.
                  | [Jiyva's grace]
 39005 | Elf:1    | Lost mutation: Your transparent skin significantly reduces
                  | your foes' accuracy. (Stealth+) [Jiyva's grace]
 39005 | Elf:1    | Gained mutation: You passively dampen the noise of your
                  | surroundings. [Jiyva's grace]
 39005 | Elf:1    | Gained mutation: You have very sharp fingernails. [Jiyva's
                  | grace]
 39005 | Elf:1    | Gained mutation: You have claws for hands. [Jiyva's grace]
 39005 | Elf:1    | Gained mutation: Your spells are a little harder to cast,
                  | but a little more powerful. [Jiyva's grace]
 39103 | Elf:1    | Paralysed by an air elemental for 1 turns
 39385 | Elf:2    | Noticed Zenata
 39814 | Elf:2    | Killed Zenata
 39969 | Elf:2    | Found a runed translucent gate.
 39970 | Elf:2    | Found a runed translucent gate.
 39970 | Elf:2    | Found a runed translucent gate.
 40145 | Elf:3    | Entered Level 3 of the Elven Halls
 40149 | Elf:3    | Paralysed by an air elemental for 1 turns
 40156 | Elf:3    | Paralysed by an air elemental for 1 turns
 40160 | Elf:3    | Found Nonuow's Jewellery Emporium.
 40377 | Elf:3    | Found Tuibb's Book Boutique.
 40436 | Elf:3    | Found Lassyly's Magic Scroll Shoppe.
 40436 | Elf:3    | Found Ubedda Fump's General Store.
 40441 | Elf:3    | Bought 2 scrolls of blinking for 195 gold pieces
 40441 | Elf:3    | Bought a scroll of teleportation for 39 gold pieces
 40441 | Elf:3    | Bought a scroll of teleportation for 39 gold pieces
 40441 | Elf:3    | Bought a scroll of immolation for 52 gold pieces
 40540 | Elf:3    | Noticed Norris
 40551 | Elf:3    | Killed Norris
 41095 | Elf:3    | Gained mutation: You are mostly covered in sharp spines.
                  | [demonic ancestry]
 41095 | Elf:3    | Reached XP level 19. HP: 144/144 MP: 23/31
 41151 | Elf:3    | Identified the amulet "Ihothusa" {Faith Will+ Int+4 Dex+3
                  | Stlth-}
 42033 | Elf:3    | Identified the +7 quarterstaff of Dithmenos's Wrath {drain,
                  | Dex+2}
 42034 | Elf:3    | Identified the +5 chain mail "Zibaschioce" {rElec Str+3
                  | Dex-3}
 42098 | Elf:3    | Identified the +1 sling of Pikh {heavy, rPois rCorr Str+3}
 42141 | Elf:3    | Got the Catalogue of Fumes
 42150 | Elf:3    | Identified the +0 chain mail of Awe {rN+ Int+2}
 42196 | Elf:3    | Identified the +5 arbalest of Spontaneous Combustion
                  | {penet, +Blink rF- Stlth+}
 42199 | Elf:3    | Identified the +0 robe of Optimism {rN+++ Int-4}
 42363 | Elf:3    | Identified the +3 chain mail "Bagoggusch" {+Blink rN+ Int+2
                  | Stlth-}
 42597 | Vaults:1 | Entered Level 1 of the Vaults
 42923 | Elf:3    | Bought the Annotations on Melanotic Silt for 578 gold
                  | pieces
 42929 | Elf:3    | Learned a level 5 spell: Borgnjor's Vile Clutch
 43147 | Elf:3    | Reached skill level 1 in Necromancy
 43432 | Vaults:1 | Lost mutation: You have claws for hands. [Jiyva's grace]
 43432 | Vaults:1 | Lost mutation: You possess an exceptional clarity of mind.
                  | [Jiyva's grace]
 43432 | Vaults:1 | Lost mutation: Your spells are a little harder to cast, but
                  | a little more powerful. [Jiyva's grace]
 43432 | Vaults:1 | Lost mutation: You passively dampen the noise of your
                  | surroundings. [Jiyva's grace]
 43432 | Vaults:1 | Gained mutation: You are partially covered in large bone
                  | plates. (SH +4) [Jiyva's grace]
 43432 | Vaults:1 | Gained mutation: You are mostly covered in large bone
                  | plates. (SH +6) [Jiyva's grace]
 43432 | Vaults:1 | Gained mutation: You are completely covered in large bone
                  | plates. (SH +8) [Jiyva's grace]
 43432 | Vaults:1 | Gained mutation: Your mind is acute. (Int +4, Str/Dex -1)
                  | [Jiyva's grace]
 43560 | Vaults:1 | Reached skill level 5 in Necromancy
 44210 | Vaults:1 | Reached skill level 12 in Fighting
 44557 | Vaults:2 | Identified the +2 leather armour "Kotinl Ezul" {Will+}
 44680 | Vaults:2 | Lost mutation: You are completely covered in large bone
                  | plates. (SH +8) [Jiyva's grace]
 44680 | Vaults:2 | Lost mutation: Your translucent skin reduces your foes'
                  | accuracy. (Stealth+) [Jiyva's grace]
 44680 | Vaults:2 | Gained mutation: Your pliable body absorbs attacks. (AC +2,
                  | EV +2) [Jiyva's grace]
 44680 | Vaults:2 | Gained mutation: Your gelatinous body deflects attacks. (AC
                  | +3, EV +3) [Jiyva's grace]
 44680 | Vaults:2 | Gained mutation: Your spells are a little harder to cast,
                  | but a little more powerful. [Jiyva's grace]
 44680 | Vaults:2 | Gained mutation: Your spells are harder to cast, but more
                  | powerful. [Jiyva's grace]
 44710 | Vaults:2 | Got the Octavo of Fog
 45032 | Vaults:2 | Reached XP level 20. HP: 154/154 MP: 32/32
 45886 | Vaults:2 | Found a staircase to the Crypt.
 46047 | Vaults:2 | Reached skill level 10 in Necromancy
 46543 | Vaults:3 | Noticed Margery
 46548 | Vaults:3 | Killed Margery
 46621 | Vaults:3 | Lost mutation: You have very sharp fingernails. [Jiyva's
                  | grace]
 46621 | Vaults:3 | Lost mutation: You are mostly covered in large bone plates.
                  | (SH +6) [Jiyva's grace]
 46621 | Vaults:3 | Lost mutation: You have a small jelly attached to you that
                  | may absorb projectiles. [Jiyva's grace]
 46621 | Vaults:3 | Gained mutation: You passively map a small area around you.
                  | [Jiyva's grace]
 46621 | Vaults:3 | Gained mutation: You passively map the area around you.
                  | [Jiyva's grace]
 46621 | Vaults:3 | Gained mutation: You passively map a large area around you.
                  | [Jiyva's grace]
 46621 | Vaults:3 | Gained mutation: You are strong-willed. (Will+) [Jiyva's
                  | grace]
 46975 | Vaults:3 | Identified the +0 ring mail "Giv Nouneis" {MP+9 Dex-5
                  | Stlth+}
 47120 | Vaults:3 | Reached skill level 13 in Fighting
 47846 | Vaults:4 | Found a magical portal.
 47855 | WizLab   | Entered Tukima's Studio
 47941 | WizLab   | Reached skill level 15 in Earth Magic
 48014 | WizLab   | Gained mutation: Spells you cast may paralyse nearby
                  | enemies. [demonic ancestry]
 48014 | WizLab   | Reached XP level 21. HP: 163/163 MP: 9/33
 48062 | WizLab   | Noticed jasper's illusion
 48075 | WizLab   | Found the +3 pair of seven-league boots {Rampage+∞}
 48435 | Vaults:4 | Noticed Sojobo
 48448 | Vaults:4 | Paralysed by an air elemental for 1 turns
 48451 | Vaults:4 | Paralysed by an air elemental for 1 turns
 48455 | Vaults:4 | Paralysed by an air elemental for 1 turns
 48469 | Vaults:4 | Paralysed by an air elemental for 1 turns
 48473 | Vaults:4 | Killed Sojobo
 49110 | Vaults:4 | Identified the amulet of Ranlich {Reflect Slay+3 SH+5}
 49117 | Vaults:4 | Identified the +5 chain mail "Veorrep" {+Inv rCorr}
 49241 | Vaults:4 | Identified the staff "Egotran" {rElec rPois Tloc Air}
 49250 | Vaults:4 | Identified the +2 cloak "Ulemafim" {rElec rPois Dex+3}
 49552 | Depths:1 | Entered Level 1 of the Depths
 49617 | Depths:1 | Reached skill level 14 in Fighting
 49739 | Depths:1 | Lost mutation: Your mind is acute. (Int +4, Str/Dex -1)
                  | [Jiyva's grace]
 49739 | Depths:1 | Lost mutation: You passively map a large area around you.
                  | [Jiyva's grace]
 49739 | Depths:1 | Lost mutation: Your translucent skin slightly reduces your
                  | foes' accuracy. (Stealth+) [Jiyva's grace]
 49739 | Depths:1 | Gained mutation: You have supernaturally acute eyesight.
                  | (SInv) [Jiyva's grace]
 49739 | Depths:1 | Gained mutation: Your melee attacks may engulf your foes in
                  | ooze. [Jiyva's grace]
 49739 | Depths:1 | Gained mutation: Your system is resistant to poisons.
                  | (rPois) [Jiyva's grace]
 49739 | Depths:1 | Gained mutation: Armour fits poorly on your pseudopods.
                  | [Jiyva's grace]
 49777 | Depths:1 | Found a gateway to Hell.
 50035 | Depths:1 | Found a one-way gate leading to the halls of Pandemonium.
 50488 | Depths:1 | Found a blossoming altar of Fedhas.
 50820 | Depths:2 | Reached skill level 15 in Fighting
 50832 | Depths:2 | You fall into a shaft and drop 1 floor!
 50920 | Depths:3 | Gained mutation: Spells you cast and wands you use may
                  | paralyse nearby enemies. [demonic ancestry]
 50920 | Depths:3 | Reached XP level 22. HP: 160/175 MP: 10/34
 51409 | Depths:3 | Noticed a golden dragon
 51412 | Depths:3 | Killed a golden dragon
 52086 | Depths:3 | Found a one-way gate to the infinite horrors of the Abyss.
 52175 | Depths:4 | Entered Level 4 of the Depths
 52213 | Depths:4 | Reached skill level 16 in Fighting
 52398 | Depths:4 | Found a one-way gateway to a ziggurat.
 52444 | Depths:4 | Lost mutation: You have sharp fingernails. [Jiyva's grace]
 52444 | Depths:4 | Lost mutation: You are partially covered in large bone
                  | plates. (SH +4) [Jiyva's grace]
 52444 | Depths:4 | Lost mutation: Your spells are harder to cast, but more
                  | powerful. [Jiyva's grace]
 52444 | Depths:4 | Lost mutation: Your spells are a little harder to cast, but
                  | a little more powerful. [Jiyva's grace]
 52444 | Depths:4 | Lost mutation: Your gelatinous body deflects attacks. (AC
                  | +3, EV +3) [Jiyva's grace]
 52444 | Depths:4 | Lost mutation: Your pliable body absorbs attacks. (AC +2,
                  | EV +2) [Jiyva's grace]
 52444 | Depths:4 | Gained mutation: Your flesh is cold resistant. (rC+)
                  | [Jiyva's grace]
 52444 | Depths:4 | Gained mutation: Your flesh is very cold resistant. (rC++)
                  | [Jiyva's grace]
 52444 | Depths:4 | Gained mutation: Your flesh is almost immune to the effects
                  | of cold. (rC+++) [Jiyva's grace]
 52444 | Depths:4 | Gained mutation: Armour fits poorly on your large
                  | pseudopods. [Jiyva's grace]
 53181 | Depths:4 | Found a gate to the Realm of Zot.
 53497 | Zot:1    | Entered Level 1 of the Realm of Zot
 53839 | Zot:1    | Noticed a golden dragon
 53845 | Zot:1    | Killed a golden dragon
 53985 | Zot:1    | Noticed a golden dragon
 53993 | Zot:1    | Killed a golden dragon
 53994 | Zot:1    | Reached skill level 17 in Fighting
 54064 | Zot:1    | Identified a scroll of acquirement
 54064 | Zot:1    | Acquired 354 gold pieces
 54348 | Zot:1    | Noticed an orb of fire
 54349 | Zot:1    | Reached skill level 10 in Armour
 54480 | Zot:1    | Lost mutation: Your flesh is almost immune to the effects
                  | of cold. (rC+++) [Jiyva's grace]
 54480 | Zot:1    | Lost mutation: You passively map the area around you.
                  | [Jiyva's grace]
 54480 | Zot:1    | Lost mutation: Your melee attacks may engulf your foes in
                  | ooze. [Jiyva's grace]
 54480 | Zot:1    | Gained mutation: Armour fits poorly on your massive
                  | pseudopods. [Jiyva's grace]
 54480 | Zot:1    | Gained mutation: You are agile. (Dex +4, Str/Int -1)
                  | [Jiyva's grace]
 54480 | Zot:1    | Gained mutation: You are very agile. (Dex +8, Str/Int -2)
                  | [Jiyva's grace]
 54480 | Zot:1    | Gained mutation: You are resistant to electric shocks.
                  | (rElec) [Jiyva's grace]
 54733 | Zot:1    | Gained mutation: You occasionally shout uncontrollably at
                  | your foes. [an orb of fire]
 54736 | Zot:1    | Noticed a golden dragon
 54740 | Zot:1    | Noticed an orb of fire
 54748 | Zot:1    | Killed an orb of fire
 54749 | Zot:1    | Gained mutation: Your melee attacks may debilitate your
                  | foes. [demonic ancestry]
 54749 | Zot:1    | Reached XP level 23. HP: 37/188 MP: 17/35
 54750 | Zot:1    | Lost mutation: You are very agile. (Dex +8, Str/Int -2) [an
                  | orb of fire]
 54760 | Zot:1    | Killed an orb of fire
 55169 | Zot:1    | Reached skill level 18 in Fighting
 55316 | Zot:2    | Found a transporter.
 55658 | Zot:2    | Acquired 612 gold pieces
 55744 | Zot:2    | Reached skill level 10 in Dodging
 55795 | Zot:2    | Noticed a curse toe
 55803 | Zot:2    | Killed a curse toe
 56086 | Zot:3    | Found a transporter.
 56089 | Zot:3    | Noticed an orb of fire
 56568 | Zot:3    | Noticed Qunuun's ghost (legendary DsFi)
 56569 | Zot:3    | Identified the +1 cloak "Ybbocsyr" {Rampage rC- Str-4
                  | Int+5}
 56842 | Zot:3    | Found a transporter.
 57159 | Zot:4    | Reached skill level 19 in Fighting
 57274 | Zot:4    | Lost mutation: You have supernaturally acute eyesight.
                  | (SInv) [Jiyva's grace]
 57274 | Zot:4    | Lost mutation: You passively map a small area around you.
                  | [Jiyva's grace]
 57274 | Zot:4    | Gained mutation: Your flesh is heat resistant. (rF+)
                  | [Jiyva's grace]
 57274 | Zot:4    | Gained mutation: Your flesh is very heat resistant. (rF++)
                  | [Jiyva's grace]
 57274 | Zot:4    | Gained mutation: Your flesh is almost immune to the effects
                  | of heat. (rF+++) [Jiyva's grace]
 57274 | Zot:4    | Gained mutation: Your mind is acute. (Int +4, Str/Dex -1)
                  | [Jiyva's grace]
 57521 | Zot:4    | Noticed a curse toe
 57533 | Zot:4    | Killed a curse toe
 57966 | Zot:4    | Reached XP level 24. HP: 173/197 MP: 7/35
 58091 | Zot:5    | Entered Level 5 of the Realm of Zot
 58179 | Zot:5    | Reached skill level 20 in Fighting
 58572 | Zot:5    | Noticed an orb of fire
 58572 | Zot:5    | Gained mutation: You are frail. (-10% HP) [an orb of fire]
 58583 | Zot:4    | Gained mutation: You are very frail. (-20% HP) [an orb of
                  | fire]
 58584 | Zot:4    | Killed an orb of fire
 58747 | Zot:5    | Noticed a Killer Klown
 58767 | Zot:4    | Killed a Killer Klown
 58956 | Zot:5    | Noticed an ancient lich
 58962 | Zot:5    | Killed an ancient lich
 59361 | Zot:5    | Noticed a Killer Klown
 59380 | Zot:4    | Killed a Killer Klown
 59516 | Zot:5    | Reached skill level 21 in Fighting
 59671 | Zot:5    | Noticed an ancient lich
 59672 | Zot:5    | Noticed a Killer Klown
 59677 | Zot:5    | Noticed a Killer Klown
 59686 | Zot:5    | Noticed an orb of fire
 59712 | Zot:5    | Killed a Killer Klown
 59717 | Zot:5    | Killed a Killer Klown
 59787 | Zot:5    | Noticed an ancient lich
 59816 | Zot:5    | Gained mutation: You sometimes lose your temper in combat.
                  | [an orb of fire]
 59819 | Zot:5    | Gained mutation: Your magical capacity is low. (-10% MP)
                  | [an orb of fire]
 59823 | Zot:5    | Killed an orb of fire
 59947 | Zot:5    | Noticed a dread lich
 59953 | Zot:5    | Killed a dread lich
 60011 | Zot:5    | Noticed an orb of fire
 60013 | Zot:5    | Gained mutation: You are extremely frail. (-30% HP) [an orb
                  | of fire]
 60021 | Zot:5    | Noticed an orb of fire
 60202 | Zot:5    | Killed an ancient lich
 60247 | Zot:5    | Killed an ancient lich
 60655 | Zot:5    | Reached skill level 22 in Fighting
 60942 | Zot:5    | Lost mutation: You are agile. (Dex +4, Str/Int -1) [an orb
                  | of fire]
 60946 | Zot:5    | Killed an orb of fire
 61021 | Zot:5    | Got the Orb of Zot
 61048 | Zot:5    | Noticed a dread lich
 61053 | Zot:5    | Killed a dread lich
 61283 | Depths:4 | Reached skill level 23 in Fighting
 61484 | D:14     | Noticed Ibba Kia the pandemonium lord
 61565 | D:12     | Noticed Hunesoah the pandemonium lord
 61853 | D:$      | Escaped with the Orb!

Illustrated notes

Levels and vault maps discovered:
D:1:      wheals_arrival_shading, layout_basic, serial_shops, shop,
          reono_crystal_passage
D:2:      layout_rooms, serial_curves, eino_curves_03, eino_curves_03,
          eino_curves_02, eino_curves_02
D:3:      minmay_chambers_of_twos, layout_loops_cross
D:4:      layout_gridville, minmay_temple_entry_junction_2, uniq_duvessa
D:5:      layout_basic
D:6:      layout_basic, eino_tiny_chamber, chequers_arboretum, uniq_jeremiah
D:7:      layout_basic, nicolae_overflow_hallway_of_the_gods, st_stairs_2,
          hangedman_decor_peaks_small, minmay_lizard_king
D:8:      layout_loops_corners, uniq_grum
D:9:      layout_small_grid, trog_antimagical, mainiacjoe_overflow_tiny_flanked,
          enter_bailey_3, minivault_28, uniq_psyche
D:10:     layout_stronghold, mainiacjoe_overflow_paths,
          due_lair_maze_entry_diamond, erik_orc_1, grunt_livestock, uniq_fannar,
          uniq_urug, uniq_nergalle, uniq_josephine
D:11:     layout_cross, hex_medium, nicolae_uskayaw_murder_on_the_dancefloor
D:12:     layout_loops_ring
D:13:     layout_cave_pods, david_vaults_1
D:14:     layout_roguey, serial_park_gazebo [serial_park_minivault_5x5_6],
          uniq_rupert
D:15:     gammafunk_depths_entry_grave, layout_basic, minmay_misc_feat_enclosed,
          corner_web_ring, nicolae_letterblocks [nicolae_letter_subblock,
          nicolae_letter_subblock, nicolae_letter_subblock,
          nicolae_letter_subblock, nicolae_letter_subblock,
          nicolae_letter_subblock, nicolae_letter_subblock,
          nicolae_letter_subblock, nicolae_letter_subblock,
          nicolae_letter_subblock, nicolae_letter_subblock,
          nicolae_letter_subblock, nicolae_letter_subblock,
          nicolae_letter_subblock, nicolae_letter_subblock,
          nicolae_letter_subblock, nicolae_letter_subblock,
          nicolae_letter_subblock, nicolae_letter_subblock,
          nicolae_letter_subblock, nicolae_letter_subblock,
          nicolae_letter_subblock, nicolae_letter_subblock,
          nicolae_letter_subblock, nicolae_letter_subblock]
Lair:1:   layout_regular_city, beast_lair_carwin_6, serial_bayou_shore_b,
          grunt_megastairs_2
Lair:2:   layout_regular_city, nicolae_snake_entry_warm_welcome,
          small_statue_intersection, hellmonk_talismancer
Lair:3:   layout_roguey, skrybe_swamp_entry_bodies, nicolae_lair_grazing_beasts
          [nicolae_sub_lair_graze_edge, nicolae_sub_lair_graze_edge,
          nicolae_sub_lair_graze_edge, nicolae_sub_lair_graze_edge]
Lair:4:   layout_regular_city, hellmonk_ghost_happy_afterlife,
          lemuel_fruit_fields
Lair:5:   minmay_lair_end_frog_pond, layout_hall_layers,
          minmay_slime_entry_jelly_boxes, uniq_kirke
Swamp:1:  layout_basic_swamp, evilmike_swamp_ruin_house_5,
          infiniplex_staircase_pool_2
Swamp:2:  layout_basic_swamp, nicolae_swamp_stair_fork
Swamp:3:  layout_falls_marsh, nicolae_swamp_little_swirl
Swamp:4:  swamp_old_school, layout_basic_swamp
Snake:1:  layout_layer_cave, st_stairs_12
Snake:2:  layout_rooms, serial_shops, shop, minmay_shop_star,
          serial_bayou_shore_b
Snake:3:  layout_layer_cave, serial_shops, nicolae_shop_bloodbath_and_beyond,
          uniq_asterion
Snake:4:  grunt_snake_rune_serpentine_throne, layout_cave_town,
          grunt_ministairs_10, guppyfry_library_mini, minmay_shoptagon,
          uniq_agnes
Slime:1:  layout_caves
Slime:2:  layout_caves
Slime:3:  layout_caves, nicolae_slime_phagocytosis
Slime:4:  layout_caves
Slime:5:  slime_pit_nicolae_jellycorners, uniq_dissolution
Orc:1:    layout_diamond_mine, nicolae_orc_hostile_takeover,
          nicolae_orc_all_along_the_watchtower, uniq_erolcha
Orc:2:    st_orc_open, layout_caves, uniq_azrael
Elf:1:    layout_geoelf_octagon, hangedman_corner_corridor
Elf:2:    nicolae_elf_blades_crystal_corner, layout_gridlike, minivault_23,
          uniq_zenata
Elf:3:    minmay_elf_hall_furrowed, layout_geoelf_diagonals, serial_shops, shop,
          nicolae_wooded_promenade, uniq_norris
Vaults:1: ontoclasm_vaults_fault, vaults_dpeg_encased_lava,
          nicolae_vaults_tetromino_T_2, nicolae_vaults_tangram_1, v_rooms_3,
          nicolae_vaults_storage_room_glass, nicolae_vaults_apartment_1,
          nicolae_vaults_door_testing_chamber, v_misc_22, v_pattern_3,
          nicolae_vaults_variable_pillar_hall, v_misc_10,
          nicolae_vaults_six-pack, layout_vaults_omnibox
Vaults:2: nicolae_vaults_lightning_bolt, nicolae_vaults_network_barrier,
          nicolae_vaults_weapon_check, nicolae_vaults_closet_pinwheel_6,
          v_alt_pattern_1, vaults_dpeg_hooks, nicolae_vaults_turnstiles,
          minmay_crypt_entry_simple_walls, nicolae_vaults_trapezoid_lopsided_1,
          layout_vaults_omnigrid
Vaults:3: portal_desolation_entry_nicolae_nacl, nicolae_vaults_network_s,
          v_pattern_4, nicolae_vaults_theta,
          nicolae_vaults_doubleplus_tesselated, vaults_mumra_bighexcomb,
          ontoclasm_vaults_twist, nicolae_vaults_apartment_1,
          hangedman_vaults_trim, nicolae_vaults_storage_closets_2,
          nicolae_vaults_big_ls, layout_vaults_maze_bifur, uniq_margery
Vaults:4: mu_enter_wizlab_5, vaults_room_door_ring, vaults_dpeg_doors,
          hangedman_vaults_capsules, v_misc_3, nicolae_vaults_little_squares_4,
          lightli_orcish_oven, nicolae_vaults_museum, hangedman_vaults_slice,
          layout_vaults_big_room, uniq_sojobo
Depths:1: kennysheep_blocky_room, layout_gridlike, minmay_misc_feat_tower,
          pan_entry, hell_entry, drop_trap, fedhas_altar_1
Depths:2: minmay_the_grid_3x2 [minmay_the_grid_minigrid_small,
          minmay_the_grid_zigzag_pyramid, minmay_the_grid_armoury,
          minmay_the_grid_empty, minmay_the_grid_garden,
          minmay_the_grid_prize_trominoes], layout_cave_pools,
          serial_sigils_hangedman_gnaw, pf_hell_entry_tar_spiral, pan_entry,
          nicolae_qazlal_scattered_showers
Depths:3: evilmike_silver_temple, layout_basic, hell_entry, abyss_entry,
          nicolae_two_hexagons, hangedman_decor_growths
Depths:4: grunt_zot_entry_gee_three, layout_honeycomb, enter_ziggurat_b,
          rand_demon_pan_entry_9, hell_entry, hangedman_decor_slide_cut
Zot:1:    grunt_deathspiral_small, layout_cathedral_of_symmetry,
          regret_index_zotdec_barnacled_alternative
Zot:2:    gammafunk_dig_for_victory, layout_gridlike, grunt_megastairs_3,
          uniq_tiamat, uniq_vv
Zot:3:    layout_cathedral_of_symmetry, gammafunk_ghost_arena
Zot:4:    layout_gridville, amethyst_zot_foddershock
Zot:5:    layout_basic

Skill      XL: |  1  2  3  4  5  6  7  8  9 10 11 12 13 14 15 16 17 18 19 20 21 22 23 24 |
---------------+-------------------------------------------------------------------------+-----
Fighting       | 4 5 6 8 9 10 11 12 13 15 17 19 23 | 23.3
Dodging        | 5 6 9 11 | 11.0
Earth Magic    | 4 5 8 9 12 13 15 16 | 16.1
Conjurations   | 6 7 10 13 15 16 18 19 20 21 | 21.0
Spellcasting   | 4 5 8 |  8.2
Ice Magic      | 2 4 6 |  6.0
Air Magic      | 2 5 6 |  6.0
Armour         | 3 7 10 11 12 | 12.0
Staves         | 8 11 | 11.8
Shields        | 5 12 15 | 15.0
Necromancy     | 7 10 | 10.0
Polearms       | |  2.6
Fire Magic     | |  2.6

Action                     |  1- 3 |  4- 6 |  7- 9 | 10-12 | 13-15 | 16-18 | 19-21 | 22-24 || total
---------------------------+-------+-------+-------+-------+-------+-------+-------+-------++-------
  Melee: Spear             |    87 |    79 |   303 |   362 |   228 |       |       |       ||  1059
         Headbutt          |     2 |    14 |    77 |    96 |    92 |    26 |    68 |    86 ||   461
         Staff             |       |       |       |       |    98 |    94 |   215 |   197 ||   604
         Kick              |       |       |       |       |       |    17 |       |       ||    17
         Pseudopods        |       |       |       |       |       |    12 |     5 |    85 ||   102
   Cast: Scorch            |    28 |    60 |    50 |    12 |     1 |     2 |       |       ||   153
         Sandblast         |       |       |    70 |   111 |    48 |       |     1 |     5 ||   235
         Stone Arrow       |       |       |       |    63 |   446 |   722 |   569 |   559 ||  2359
         Mephitic Cloud    |       |       |       |    16 |     4 |       |       |       ||    20
         Freezing Cloud    |       |       |       |    18 |   127 |   220 |   145 |   105 ||   615
         Bombard           |       |       |       |       |       |     9 |   141 |   276 ||   426
         Borgnjor's Vile C |       |       |       |       |       |       |   154 |   216 ||   370
 Invoke: Fiery Armour      |       |       |     3 |     5 |     1 |       |       |       ||     9
         Rising Flame      |       |       |       |     1 |       |       |       |       ||     1
  Evoke: Wand              |       |       |     4 |     1 |     6 |       |     2 |     1 ||    14
         Phantom mirror    |       |       |       |       |       |       |       |     2 ||     2
    Use: Scroll            |     6 |     3 |     9 |     9 |     7 |     8 |     3 |     9 ||    54
         Potion            |       |       |     1 |     5 |     3 |     1 |       |     1 ||    11
   Stab: Paralysed         |       |     1 |    21 |    19 |    21 |     5 |    21 |    18 ||   106
         Confused          |       |       |       |     6 |       |       |       |       ||     6
 Armour: Robe              |    38 |    32 |   131 |    14 |       |       |       |       ||   215
         Quicksilver drago |       |       |       |   286 |   407 |   393 |   391 |   633 ||  2110
  Dodge: Dodged            |    58 |    59 |   258 |   264 |   288 |   194 |   211 |   305 ||  1637
  Block: Buckler           |       |       |       |       |    21 |     1 |       |       ||    22
         Kite shield       |       |       |       |       |       |   254 |   566 |   424 ||  1244

Table legend: (Time is in decaauts)
 A = Elapsed time spent in this place.
 B = Non-inter-level travel time spent in this place.
 C = Inter-level travel time spent in this place.
 D = Time resting spent in this place.
 E = Time spent auto-exploring this place.
 F = Levels seen in this place.
 G = Mean time per level.
                   A        B        C        D        E       F      G
               +--------+--------+--------+--------+--------+-----+--------+
         Total |  62166 |  56865 |   5301 |   6978 |  38110 |  53 | 1172.9 |
       Dungeon |  18444 |  16035 |   2409 |    898 |  12145 |  15 | 1229.6 |
          Lair |  10730 |  10020 |    710 |   1676 |   6965 |   5 | 2146.0 |
         Swamp |   3169 |   2988 |    181 |    223 |   2202 |   4 |  792.2 |
     Snake Pit |   4791 |   4509 |    282 |    346 |   3155 |   4 | 1197.8 |
    Slime Pits |    301 |    209 |     92 |      0 |    103 |   5 |   60.2 |
  Orcish Mines |   1707 |   1558 |    149 |    248 |    923 |   2 |  853.5 |
   Elven Halls |   4321 |   3934 |    387 |   1233 |   1873 |   3 | 1440.3 |
        Vaults |   5794 |   5465 |    329 |    257 |   3720 |   4 | 1448.5 |
        Depths |   4123 |   3813 |    310 |     64 |   2785 |   4 | 1030.8 |
           Zot |   7716 |   7268 |    448 |   1843 |   3661 |   5 | 1543.2 |
        Bailey |    702 |    702 |      0 |    183 |    399 |   1 |  702.0 |
        Wizlab |    362 |    362 |      0 |      5 |    176 |   1 |  362.0 |
               +--------+--------+--------+--------+--------+-----+--------+

Top non-repeatable levels by time:
    D:10: 3045 daAuts
  Lair:5: 3017 daAuts
   Zot:5: 2724 daAuts
  Lair:4: 2543 daAuts
   Elf:3: 2386 daAuts
  Lair:2: 1907 daAuts
   Zot:1: 1769 daAuts
  Lair:3: 1716 daAuts
     D:8: 1687 daAuts
     D:7: 1686 daAuts
Vaults:2: 1643 daAuts
  Lair:1: 1546 daAuts
 Snake:3: 1533 daAuts
Vaults:3: 1497 daAuts
     D:3: 1434 daAuts
